 Dungeon Crawl Stone Soup version 0.30.0-3-ga4e48a9924 (webtiles) character file.

Game seed: 14740144484289737521

32 Aldia the Trooper (level 3, -4/31 HPs)
             Began as a Ghoul Fighter on May 7, 2023.
             Slain by Sigmund
             ... wielding a +0 scythe
              (7 damage)
             ... on level 2 of the Dungeon.
             The game lasted 00:01:47 (816 turns).

Aldia the Trooper (Ghoul Fighter)                    Turns: 816, Time: 00:01:47

Health: -4/31      AC: 12    Str: 16 (19) XL:     3   Next: 25%
Magic:  2/2        EV:  4    Int:  2 (5)  God:
Gold:   54         SH:  0    Dex:  7 (8)  Spells: 2/2 levels left

rFire   . . .        a - +0 war axe
rCold   + . .        c - +0 buckler
rNeg    + + +        m - +0 plate armour
rPois   ∞            h - +0 helmet
rElec   .            (no cloak)
rCorr   .            (no gloves)
SInv    .            (no boots)
Will    .....        (no amulet) Stlth
                     (no ring)
HPRegen 0.00/turn    (no ring)
MPRegen 0.08/turn

%: no passive effects
@: confused, mighty, inhibited regen
A: claws 1, cold resistance 1, negative energy resistance 3, inhibited
regeneration, torment resistance 2, devour on kill
a: no special abilities


You were on level 2 of the Dungeon.
You visited 1 branch of the dungeon, and saw 2 of its levels.

You collected 54 gold pieces.

Inventory:

Hand Weapons
 a - a +0 war axe (weapon)
Armour
 b - a +0 scale mail
 c - a +0 buckler (worn)
 h - a +0 helmet (worn)
 m - a +0 plate armour (worn)
Scrolls
 e - 2 scrolls of blinking {unknown}
 g - a scroll of amnesia {unknown}
 i - a scroll of poison {unknown}
 j - a scroll of immolation {unknown}
 k - a scroll of teleportation {unknown}
 l - a scroll of identify {unknown}


   Skills:
 + Level 3.6 Fighting
 * Level 2.4 Axes
 + Level 3.0 Armour
 - Level 3.0 Shields


You had 2 spell levels left.
You didn't know any spells.
Your spell library was empty.

Dungeon Overview and Level Annotations

Branches:
Dungeon (2/15)

Altars:

Annotations:
D:2 Sigmund


Innate Abilities, Weirdness & Mutations

You are immune to poison.
You have sharp fingernails.
Your flesh is cold resistant. (rC+)
You are immune to negative energy. (rN+++)
You do not regenerate when monsters are visible.
You are immune to unholy pain and torment.
You thrive by killing the living.


Message History

You closely miss something.
The adder hisses angrily.
You hear some strange, mumbled words.
A puff of flame appears from out of thin air!
The puff of flame misses you. Something hits you but does no damage.
You miss something. Something hits you.
You closely miss something. You miss the adder.
The adder bites you but does no damage. x2; Something hits you.
You closely miss something. You miss the adder.
You block the adder's attack. x2
You hit something. You slash the adder!
You hear some strange, mumbled words.
You are confused.
The adder barely misses you. Something hits you but does no damage.
You're too confused to move!
The adder barely misses you. The adder bites you but does no damage.
Unknown command.
Something hits you but does no damage. The adder attacks as you move away!
The adder bites you but does no damage. Something hits you.
* * * LOW HITPOINT WARNING * * *
The adder bites you.
* * * LOW HITPOINT WARNING * * *
Something hits you but does no damage. The adder bites you but does no damage.
You feel less confused. The adder bites you but does no damage.
You hear some strange, mumbled words.
You are confused.
You miss something. You barely miss the adder. The adder barely misses you.
Something hits you but does no damage. The adder bites you but does no damage.
Unknown command.
You closely miss something. You barely miss the adder.
The adder bites you but does no damage. Something hits you but does no damage.
The adder bites you.
* * * LOW HITPOINT WARNING * * *
Unknown command.
Unknown command.
It was a potion of degeneration.
There was something very wrong with that liquid.
You feel weakened.
You feel dopey.
You feel clumsy. The adder barely misses you. Something hits you!
You die...

####.##.#.#####.#....##
..........# ##........
#######...# #..#
#...####.## #...##...#
##......###
#...........#######.###
#.####.#..#.†.S.......#
.. #.##....@........# #
#.#####{....!....# #.#
#........... ..#
#...>....... ..#
#....?......
#...........
#...........
..#########


You could see an adder.

Vanquished Creatures
  3 ball pythons (D:1)
  A giant cockroach (D:1)
  2 hobgoblins
  4 jackals (D:1)
  2 kobolds (D:1)
  3 quokkas (D:1)
  2 bats
  5 frilled lizards
  2 goblins (D:1)
  7 rats
31 creatures vanquished.

Notes
Turn   | Place    | Note
-------+----------+-------------------------------------------
     0 | D:1      | Aldia the Ghoul Fighter began the quest for the Orb.
     0 | D:1      | Reached XP level 1. HP: 19/19 MP: 0/0
    82 | D:1      | You fall into a shaft and drop 1 floor!
   121 | D:2      | Reached XP level 2. HP: 22/26 MP: 1/1
   315 | D:1      | Reached XP level 3. HP: 31/31 MP: 2/2
   785 | D:2      | Noticed Sigmund
   816 | D:2      | Slain by Sigmund

Illustrated notes

Levels and vault maps discovered:
D:1:      amcnicky_arrival_choice, layout_basic
D:2:      layout_rooms, minmay_pentomino_s4, uniq_sigmund

Skill      XL: |  1  2  3 |
---------------+----------+-----
Axes           | 2 |  2.4
Armour         | 3 |  3.0
Shields        | 3 |  3.0
Fighting       | |  3.6

Action                     || total
---------------------------++-------
  Melee: War axe           ||    81
    Use: Potion            ||     2
 Armour: Scale mail        ||    37
         Plate armour      ||    19
  Dodge: Dodged            ||    62
  Block: Buckler           ||    20
